Golden Knights vs Avalanche
Created - March 4, 2022 at 09:03
Goals
|
| Golden Knights |
1 |
1 |
1 |
0 |
3 |
| Avalanche |
0 |
2 |
1 |
1 |
4 |
|
Shots
|
| Golden Knights |
7 |
16 |
10 |
0 |
33 |
| Avalanche |
7 |
11 |
8 |
2 |
28 |
|
1st period
1. Golden Knights , Zach Bogosian 5 (Michael Frolik 19, Jared Cowen 14) at 11:36 (PP)
Penalties :
Patric Hornqvist (Col) for Hooking (Minor) at 10:42, Wayne Simmonds (Veg) for Tripping (Minor) at 11:59
2nd period
2. Avalanche , Bryan Little 15 (Mikkel Boedker 31) at 10:57 (PP)
3. Avalanche , Mikkel Boedker 24 (Patric Hornqvist 22, Bryan Little 28) at 11:13
4. Golden Knights , Mats Zuccarello 4 (Wes O'Neill 12, Chris Tierney 5) at 17:09
Penalties :
Mathew Dumba (Veg) for Holding (Minor) at 6:02, Clarke MacArthur (Veg) for Holding (Minor) at 10:52, Mattias Ekholm (Col) for Tripping (Minor) at 19:49
3rd period
5. Avalanche , Charlie Coyle 8 (Bryan Little 29) at 12:21
6. Golden Knights , Nathan Horton 4 (Martin Hanzal 8, Mathew Dumba 9) at 15:40
Penalties :
Joel Edmundson (Col) for Tripping (Minor) at 10:08, Matt Stajan (Veg) for Hooking (Minor) at 19:51
Overtime #1
7. Avalanche , Charlie Coyle 9 (Marc Staal 7) at 2:46
Penalties :
No Penalty
Goalie Stats
Ondrej Pavelec (Veg), 24 saves from 28 shots - (0.857), OTL, 11-13-4, 62:46 minutes
Cam Ward (Col), 30 saves from 33 shots - (0.909), W, 13-8-2, 62:46 minutes
Players Stats for Golden Knights
Player Name G A P +/- PIM S H SB GA TA FO MP PP MP PK MP
------------------------------------------------------------------------------------
Andrei Loktionov 0 0 0 -1 0 5 1 1 0 0 10/25 21:22 3:19 3:17
Chris Tierney 0 1 1 0 0 2 0 0 0 0 2/9 15:03 0:00 0:53
Clarke MacArthur 0 0 0 -1 2 2 4 0 0 0 0/0 18:39 1:33 1:33
Jamie Oleksiak 0 0 0 0 0 1 1 1 0 0 0/0 12:55 0:00 0:00
Jared Cowen 0 1 1 -2 0 3 1 0 0 1 0/0 28:52 3:30 3:42
Kellan Lain 0 0 0 -1 0 3 2 1 0 0 1/4 22:47 3:19 2:17
Martin Hanzal 0 1 1 1 0 0 1 0 0 0 2/3 7:16 0:00 0:00
Mathew Dumba 0 1 1 1 2 0 3 1 1 0 0/0 20:13 1:22 1:23
Mats Zuccarello 1 0 1 0 0 3 0 0 0 0 0/1 12:47 0:00 0:00
Matt Stajan 0 0 0 -1 2 2 1 0 1 0 5/16 17:08 1:33 0:56
Michael Frolik 0 1 1 0 0 3 1 0 1 0 0/0 17:44 3:19 0:00
Nathan Horton 1 0 1 1 0 2 0 0 0 0 0/0 7:09 0:00 0:00
Shawn Matthias 0 0 0 1 0 0 0 1 0 0 0/0 7:27 0:00 0:18
Thomas Vanek 0 0 0 0 0 2 2 0 0 0 0/0 11:53 0:00 0:00
Vladimir Mihalik 0 0 0 0 0 0 2 1 1 1 0/0 13:52 0:00 0:57
Wayne Simmonds 0 0 0 -1 2 0 2 0 0 0 0/0 20:00 1:33 0:59
Wes O'Neill 0 1 1 1 0 3 1 0 0 1 0/0 20:59 1:22 2:20
Zach Bogosian 1 0 1 -2 0 2 4 2 0 0 0/0 28:52 3:30 3:42
Players Stats for Avalanche
Player Name G A P +/- PIM S H SB GA TA FO MP PP MP PK MP
------------------------------------------------------------------------------------
Bryan Little 1 2 3 2 0 2 2 0 0 0 18/27 19:56 2:11 0:55
Charlie Coyle 2 0 2 2 0 5 0 0 0 0 7/9 19:13 1:55 0:55
Colten Teubert 0 0 0 0 0 0 0 0 0 1 0/0 11:53 0:00 0:00
Erik Karlsson 0 0 0 -1 0 1 1 2 0 0 0/0 21:11 1:25 2:01
Evgeny Dadonov 0 0 0 0 0 0 0 0 1 0 1/1 17:18 1:55 0:00
Jack Johnson 0 0 0 2 0 2 1 3 1 0 0/0 29:42 2:46 2:51
James Van Riemsdyk 0 0 0 0 0 1 0 0 0 0 0/1 18:35 1:55 1:10
Jarred Tinordi 0 0 0 0 0 0 1 1 0 0 0/0 11:41 0:00 0:27
Joel Edmundson 0 0 0 1 2 0 1 0 0 0 0/0 5:00 0:00 0:19
Kyle Turris 0 0 0 0 0 1 1 1 0 0 3/4 13:21 0:00 0:00
Luke Witkowski 0 0 0 0 0 4 0 0 0 0 0/0 14:31 0:05 0:00
Marc Staal 0 1 1 2 0 3 2 1 0 0 0/0 26:01 2:46 2:51
Martin Samuelsson 0 0 0 -1 0 0 1 0 0 0 0/0 6:28 0:00 0:00
Mattias Ekholm 0 0 0 -1 2 2 1 1 0 1 0/0 20:19 1:25 1:15
Mikkel Boedker 1 1 2 -1 0 3 3 0 0 0 8/13 26:45 2:16 3:06
Patric Hornqvist 0 1 1 0 2 1 0 0 0 1 1/2 21:05 2:06 2:18
Pavel Buchnevich 0 0 0 -1 0 0 0 1 1 0 0/1 8:08 0:00 1:20
Tomas Fleischmann 0 0 0 0 0 3 0 0 0 1 0/0 15:02 0:10 0:00
3 Stars
1 - Bryan Little (Col)
2 - Charlie Coyle (Col)
3 - Mikkel Boedker (Col)
Power Play
Golden Knights - 1 on 3 Attempt(s) - 33.33%
Avalanche - 1 on 4 Attempt(s) - 25.00%
Penalty Kill
Golden Knights - 3 on 4 Attempt(s) - 75.00%
- Score 0 goal in Penalty Kill
Avalanche - 2 on 3 Attempt(s) - 66.67%
- Score 0 goal in Penalty Kill
Team Stat
Golden Knights - Hits : 26 - Faceoff Wins : 20 - Blocked Shots : 8 - Penalty Minutes : 8
Avalanche - Hits : 14 - Faceoff Wins : 38 - Blocked Shots : 10 - Penalty Minutes : 6
Official
Referees : Peter MacDougall and Justin St. Pierre
Linesman : Greg Devorski and Andrew Smith
Game Notes
15:40 of 3rd period - Golden Knights goal is going for a video replay. After video review, Goal.
Finance
Level 1 -- Attendance: 5580 (93.00%) -- Ticket Income $558,000
Level 2 -- Attendance: 5000 (100.00%) -- Ticket Income $300,000
Level 3 -- Attendance: 1895 (94.75%) -- Ticket Income $66,325
Level 4 -- Attendance: 3742 (93.55%) -- Ticket Income $93,550
Luxury Box -- Attendance: 993 (99.30%) -- Ticket Income $198,600
Game was played at the Pepsi Center.
Total Attendance: 17210 (95.61%)
Total Ticket Income: $1,216,475
Other Income: $182,471
Total Income: $1,398,946
Golden Knights
5 vs 5 Forward
Center Left Wing Right Wing Time % Phy DF OF
1 Andrei Loktionov Kellan Lain Michael Frolik 40 1 2 2
2 Matt Stajan Clarke MacArthur Wayne Simmonds 30 1 2 2
3 Chris Tierney Thomas Vanek Mats Zuccarello 20 1 2 2
4 Martin Hanzal Shawn Matthias Nathan Horton 10 1 2 2
5 vs 5 Defense
Defense Defense Time % Phy DF OF
1 Zach Bogosian Jared Cowen 40 1 2 2
2 Mathew Dumba Wes O'Neill 30 1 2 2
3 Vladimir Mihalik Jamie Oleksiak 20 1 2 2
4 Zach Bogosian Jared Cowen 10 1 2 2
PowerPlay Forward
Center Left Wing Right Wing Time % Phy DF OF
1 Andrei Loktionov Kellan Lain Michael Frolik 60 1 2 2
2 Matt Stajan Clarke MacArthur Wayne Simmonds 40 1 2 2
PowerPlay Defense
Defense Defense Time % Phy DF OF
1 Zach Bogosian Jared Cowen 60 1 2 2
2 Mathew Dumba Wes O'Neill 40 1 2 2
Penalty Kill 4 Players Forward
Center Wing Time % Phy DF OF
1 Andrei Loktionov Kellan Lain 60 1 2 2
2 Matt Stajan Clarke MacArthur 40 1 2 2
Penalty Kill 4 Players Defense
Defense Defense Time % Phy DF OF
1 Zach Bogosian Jared Cowen 60 1 2 2
2 Mathew Dumba Wes O'Neill 40 1 2 2
Penalty Kill - 3 Players Forward
Forward Time % Phy DF OF
1 Andrei Loktionov 60 1 2 2
2 Matt Stajan 40 1 2 2
Penalty Kill - 3 Players Defense
Defense Defense Time % Phy DF OF
1 Zach Bogosian Jared Cowen 60 1 2 2
2 Mathew Dumba Wes O'Neill 40 1 2 2
4 vs 4 Forward
Center Wing Time % Phy DF OF
1 Andrei Loktionov Kellan Lain 60 1 2 2
2 Matt Stajan Clarke MacArthur 40 1 2 2
4 vs 4 Defense
Defense Defense Time % Phy DF OF
1 Zach Bogosian Jared Cowen 60 1 2 2
2 Mathew Dumba Wes O'Neill 40 1 2 2
Last Minutes Offensive
Center Left Wing Right Wing Defense Defense
Andrei Loktionov Kellan Lain Michael Frolik Zach Bogosian Jared Cowen
Last Minutes Defensive
Center Left Wing Right Wing Defense Defense
Andrei Loktionov Kellan Lain Michael Frolik Zach Bogosian Jared Cowen
Goaltenders
Starting : Ondrej Pavelec
Backup : Matt Hackett
Extra Forwards
Normal : Wayne Simmonds, Mats Zuccarello, Nathan Horton - PP : Wayne Simmonds, Mats Zuccarello - PK : Wayne Simmonds
Extra Defensemen
Normal : Wes O'Neill, Vladimir Mihalik, Jamie Oleksiak - PP : Wes O'Neill - PK : Wes O'Neill, Vladimir Mihalik
Penalty Shots
Michael Frolik, Andrei Loktionov, Kellan Lain, Matt Stajan, Wayne Simmonds
Scratches
Damon Severson (Healthy), Max Friberg (Healthy)
Avalanche
5 vs 5 Forward
Center Left Wing Right Wing Time % Phy DF OF
1 Bryan Little Mikkel Boedker Patric Hornqvist 40 1 2 2
2 Charlie Coyle James Van Riemsdyk Evgeny Dadonov 30 1 2 2
3 Kyle Turris Tomas Fleischmann Luke Witkowski 20 1 2 2
4 Mikkel Boedker Martin Samuelsson Pavel Buchnevich 10 1 2 2
5 vs 5 Defense
Defense Defense Time % Phy DF OF
1 Jack Johnson Marc Staal 40 1 2 2
2 Erik Karlsson Mattias Ekholm 30 1 2 2
3 Colten Teubert Jarred Tinordi 20 1 2 2
4 Joel Edmundson Jack Johnson 10 1 2 2
PowerPlay Forward
Center Left Wing Right Wing Time % Phy DF OF
1 Bryan Little Mikkel Boedker Patric Hornqvist 60 1 2 2
2 Charlie Coyle James Van Riemsdyk Evgeny Dadonov 40 1 2 2
PowerPlay Defense
Defense Defense Time % Phy DF OF
1 Jack Johnson Marc Staal 60 1 2 2
2 Erik Karlsson Mattias Ekholm 40 1 2 2
Penalty Kill 4 Players Forward
Center Wing Time % Phy DF OF
1 Mikkel Boedker Patric Hornqvist 60 1 2 2
2 Bryan Little Charlie Coyle 40 1 2 2
Penalty Kill 4 Players Defense
Defense Defense Time % Phy DF OF
1 Jack Johnson Marc Staal 60 1 2 2
2 Erik Karlsson Mattias Ekholm 40 1 2 2
Penalty Kill - 3 Players Forward
Forward Time % Phy DF OF
1 Mikkel Boedker 60 1 2 2
2 Patric Hornqvist 40 1 2 2
Penalty Kill - 3 Players Defense
Defense Defense Time % Phy DF OF
1 Jack Johnson Marc Staal 60 1 2 2
2 Erik Karlsson Mattias Ekholm 40 1 2 2
4 vs 4 Forward
Center Wing Time % Phy DF OF
1 Mikkel Boedker Patric Hornqvist 60 1 2 2
2 Bryan Little Charlie Coyle 40 1 2 2
4 vs 4 Defense
Defense Defense Time % Phy DF OF
1 Jack Johnson Marc Staal 60 1 2 2
2 Erik Karlsson Mattias Ekholm 40 1 2 2
Last Minutes Offensive
Center Left Wing Right Wing Defense Defense
Bryan Little Mikkel Boedker Patric Hornqvist Jack Johnson Marc Staal
Last Minutes Defensive
Center Left Wing Right Wing Defense Defense
Bryan Little Mikkel Boedker Patric Hornqvist Jack Johnson Marc Staal
Goaltenders
Starting : Cam Ward
Backup : Semyon Varlamov
Extra Forwards
Normal : Tomas Fleischmann, Luke Witkowski, Pavel Buchnevich - PP : Tomas Fleischmann, Luke Witkowski - PK : Pavel Buchnevich
Extra Defensemen
Normal : Colten Teubert, Jarred Tinordi, Joel Edmundson - PP : Colten Teubert - PK : Jarred Tinordi, Joel Edmundson
Penalty Shots
Mikkel Boedker, Patric Hornqvist, Bryan Little, Charlie Coyle, James Van Riemsdyk
Scratches
Vincent Trocheck (Bruised Right Foot Injury)
% Time on Ice - Golden Knights
Lines # - Real PCT - Wanted PCT - Time Play
Normal Forward
1 - 32% - 40% - 16:33
2 - 28% - 30% - 14:14
3 - 22% - 20% - 11:12
4 - 18% - 10% - 8:58
Normal Defense
1 - 38% - 40% - 19:22
2 - 33% - 30% - 16:40
3 - 25% - 20% - 12:55
4 - 4% - 10% - 2:00
PP Forward
1 - 68% - 60% - 3:19
2 - 32% - 40% - 1:33
PP Defense
1 - 72% - 60% - 3:30
2 - 28% - 40% - 1:22
PK Forward
1 - 78% - 60% - 3:15
2 - 22% - 40% - 0:56
PK Defense
1 - 59% - 60% - 2:28
2 - 41% - 40% - 1:43
PK3 Forward
1 - 65% - 60% - 1:12
2 - 35% - 40% - 0:39
PK3 Defense
1 - 67% - 60% - 1:14
2 - 33% - 40% - 0:37
44 Forward
1 - 91% - 60% - 0:50
2 - 9% - 40% - 0:05
44 Defense
1 - 33% - 60% - 0:18
2 - 67% - 40% - 0:37
Last Minute Offensive - 0:00
Last Minute Defensive - 0:00
Total
Forward - 62:46
Defense - 62:46
|
% Time on Ice - Avalanche
Lines # - Real PCT - Wanted PCT - Time Play
Normal Forward
1 - 31% - 40% - 15:53
2 - 31% - 30% - 15:37
3 - 26% - 20% - 13:21
4 - 12% - 10% - 6:06
Normal Defense
1 - 37% - 40% - 18:52
2 - 32% - 30% - 16:31
3 - 22% - 20% - 11:14
4 - 9% - 10% - 4:20
PP Forward
1 - 54% - 60% - 2:16
2 - 46% - 40% - 1:55
PP Defense
1 - 66% - 60% - 2:46
2 - 34% - 40% - 1:25
PK Forward
1 - 81% - 60% - 3:57
2 - 19% - 40% - 0:55
PK Defense
1 - 59% - 60% - 2:51
2 - 41% - 40% - 2:01
PK3 Forward
1 - 0% - 60%
2 - 0% - 40%
PK3 Defense
1 - 0% - 60%
2 - 0% - 40%
44 Forward
1 - 74% - 60% - 2:03
2 - 26% - 40% - 0:43
44 Defense
1 - 55% - 60% - 1:32
2 - 45% - 40% - 1:14
Last Minute Offensive - 0:00
Last Minute Defensive - 0:00
Total
Forward - 62:46
Defense - 62:46
|
Play-by-Play
1st period
0:01 of 1st period - Andrei Loktionov wins face-off versus Bryan Little in neutral zone.
0:26 of 1st period - Wrist shot by Kyle Turris.
0:26 of 1st period - Shot Misses the Net.
1:00 of 1st period - Snap shot by Clarke MacArthur.
1:00 of 1st period - Shot Blocked by Mattias Ekholm.
1:02 of 1st period - Slapshot by Wes O'Neill.
1:02 of 1st period - Deflect By Erik Karlsson.
1:02 of 1st period - Stopped by Cam Ward with a rebound.
1:04 of 1st period - Snap shot by Matt Stajan.
1:04 of 1st period - Shot Misses the Net.
2:13 of 1st period - Colten Teubert is hit by Vladimir Mihalik and loses puck.
4:23 of 1st period - Kyle Turris is hit by Jared Cowen and loses puck.
4:53 of 1st period - Wrist shot by Matt Stajan.
4:53 of 1st period - Stopped by Cam Ward with a rebound.
4:55 of 1st period - Backhand shot by Zach Bogosian.
4:55 of 1st period - Stopped by Cam Ward without a rebound.
4:56 of 1st period - Bryan Little wins face-off versus Andrei Loktionov in Avalanche zone.
5:45 of 1st period - Off-side.
5:46 of 1st period - Charlie Coyle wins face-off versus Chris Tierney in neutral zone.
6:08 of 1st period - Colten Teubert is hit by Thomas Vanek and loses puck.
6:35 of 1st period - Slapshot by Jared Cowen.
6:35 of 1st period - Stopped by Cam Ward with a rebound.
6:41 of 1st period - Wrist shot by Mats Zuccarello.
6:41 of 1st period - Shot Misses the Net.
6:57 of 1st period - Snap shot by James Van Riemsdyk.
6:57 of 1st period - Shot Misses the Net.
7:13 of 1st period - Wrist shot by Charlie Coyle.
7:13 of 1st period - Stopped by Ondrej Pavelec without a rebound.
7:14 of 1st period - Bryan Little wins face-off versus Andrei Loktionov in Golden Knights zone.
7:41 of 1st period - Andrei Loktionov is hit by Kyle Turris.
8:04 of 1st period - Snap shot by Mikkel Boedker.
8:04 of 1st period - Stopped by Ondrej Pavelec with a rebound.
8:06 of 1st period - Slapshot by Mikkel Boedker.
8:06 of 1st period - Shot Blocked by Kellan Lain.
8:22 of 1st period - Patric Hornqvist is hit by Clarke MacArthur and loses puck.
8:43 of 1st period - Jack Johnson is hit by Martin Hanzal and loses puck.
8:57 of 1st period - Off-side.
8:58 of 1st period - Bryan Little wins face-off versus Matt Stajan in neutral zone.
9:01 of 1st period - Slapshot by Bryan Little.
9:01 of 1st period - Shot Misses the Net.
9:30 of 1st period - Off-side.
9:31 of 1st period - Charlie Coyle wins face-off versus Matt Stajan in neutral zone.
9:36 of 1st period - Jared Cowen is hit by Jack Johnson and loses puck.
10:00 of 1st period - Off-side.
10:01 of 1st period - Andrei Loktionov wins face-off versus Bryan Little in neutral zone.
10:09 of 1st period - Off-side.
10:10 of 1st period - Bryan Little wins face-off versus Andrei Loktionov in neutral zone.
10:19 of 1st period - Wrist shot by Mikkel Boedker.
10:19 of 1st period - Shot Blocked by Mathew Dumba.
10:21 of 1st period - Backhand shot by Erik Karlsson.
10:21 of 1st period - Deflect By Mikkel Boedker.
10:21 of 1st period - Shot Misses the Net.
10:21 of 1st period - Puck is out of play.
10:22 of 1st period - Andrei Loktionov wins face-off versus Bryan Little in Golden Knights zone.
10:36 of 1st period - Off-side.
10:37 of 1st period - Matt Stajan wins face-off versus Bryan Little in neutral zone.
10:40 of 1st period - Slapshot by Clarke MacArthur.
10:40 of 1st period - Shot Blocked by Jack Johnson.
10:42 of 1st period - Minor Penalty to Patric Hornqvist for Hooking.
10:43 of 1st period - Andrei Loktionov wins face-off versus Pavel Buchnevich in Avalanche zone.
10:56 of 1st period - Snap shot by Mikkel Boedker.
10:56 of 1st period - Shot Misses the Net.
11:26 of 1st period - Wrist shot by Andrei Loktionov.
11:26 of 1st period - Stopped by Cam Ward with a rebound.
11:28 of 1st period - Wrist shot by Zach Bogosian.
11:28 of 1st period - Shot Misses the Net.
11:36 of 1st period - Slapshot by Zach Bogosian.
11:36 of 1st period - Goal by Zach Bogosian - Golden Knights : 1 - Avalanche : 0.
11:37 of 1st period - Evgeny Dadonov wins face-off versus Matt Stajan in neutral zone.
11:59 of 1st period - Minor Penalty to Wayne Simmonds for Tripping.
12:00 of 1st period - Andrei Loktionov wins face-off versus Bryan Little in Golden Knights zone.
12:59 of 1st period - Andrei Loktionov is hit by Mikkel Boedker and loses puck.
13:20 of 1st period - Jack Johnson is hit by Zach Bogosian and loses puck.
13:59 of 1st period - Penalty to Wayne Simmonds is over, Wayne Simmonds is back on ice.
13:59 of 1st period - Chris Tierney is hit by Mikkel Boedker.
14:45 of 1st period - Snap shot by Tomas Fleischmann.
14:45 of 1st period - Shot Misses the Net.
14:51 of 1st period - Tomas Fleischmann is hit by Wayne Simmonds and loses puck.
15:04 of 1st period - Marc Staal is hit by Wayne Simmonds and loses puck.
15:31 of 1st period - Slapshot by Kellan Lain.
15:31 of 1st period - Stopped by Cam Ward with a rebound.
16:34 of 1st period - Slapshot by Luke Witkowski.
16:34 of 1st period - Shot Misses the Net.
16:36 of 1st period - Snap shot by Tomas Fleischmann.
16:36 of 1st period - Stopped by Ondrej Pavelec with a rebound.
16:38 of 1st period - Slapshot by Jarred Tinordi.
16:38 of 1st period - Shot Misses the Net.
16:40 of 1st period - Wrist shot by Tomas Fleischmann.
16:40 of 1st period - Stopped by Ondrej Pavelec with a rebound.
16:42 of 1st period - Slapshot by Erik Karlsson.
16:42 of 1st period - Shot Blocked by Vladimir Mihalik.
16:44 of 1st period - Slapshot by Kyle Turris.
16:44 of 1st period - Deflect By Tomas Fleischmann.
16:44 of 1st period - Stopped by Ondrej Pavelec with a rebound.
16:46 of 1st period - Backhand shot by Luke Witkowski.
16:46 of 1st period - Stopped by Ondrej Pavelec with a rebound.
16:52 of 1st period - Snap shot by Luke Witkowski.
16:52 of 1st period - Stopped by Ondrej Pavelec with a rebound.
16:54 of 1st period - Snap shot by Kyle Turris.
16:54 of 1st period - Shot Blocked by Jamie Oleksiak.
16:56 of 1st period - Snap shot by Tomas Fleischmann.
16:56 of 1st period - Deflect By Kyle Turris.
16:56 of 1st period - Shot Misses the Net.
16:56 of 1st period - Puck is out of play.
16:57 of 1st period - Bryan Little wins face-off versus Martin Hanzal in Golden Knights zone.
18:28 of 1st period - Patric Hornqvist is hit by Clarke MacArthur and loses puck.
19:14 of 1st period - James Van Riemsdyk is hit by Michael Frolik and loses puck.
19:53 of 1st period - Icing by Zach Bogosian.
19:54 of 1st period - Martin Hanzal wins face-off versus Charlie Coyle in Golden Knights zone.
Goals for this period are 1 for Golden Knights vs 0 for Avalanche.
Shots for this period are 7 for Golden Knights vs 7 for Avalanche.
2nd period
0:01 of 2nd period - Bryan Little wins face-off versus Matt Stajan in neutral zone.
0:06 of 2nd period - Slapshot by Jack Johnson.
0:06 of 2nd period - Deflect By Bryan Little.
0:06 of 2nd period - Shot Misses the Net.
0:06 of 2nd period - Puck is out of play.
0:07 of 2nd period - Matt Stajan wins face-off versus Bryan Little in Golden Knights zone.
1:38 of 2nd period - Bryan Little is hit by Vladimir Mihalik and loses puck.
2:51 of 2nd period - Wrist shot by Charlie Coyle.
2:51 of 2nd period - Stopped by Ondrej Pavelec without a rebound.
2:52 of 2nd period - Charlie Coyle wins face-off versus Andrei Loktionov in Golden Knights zone.
2:52 of 2nd period - Erik Karlsson is hit by Wes O'Neill.
3:04 of 2nd period - Snap shot by Kellan Lain.
3:04 of 2nd period - Shot Misses the Net.
3:06 of 2nd period - Wrist shot by Wes O'Neill.
3:06 of 2nd period - Stopped by Cam Ward with a rebound.
3:08 of 2nd period - Slapshot by Wes O'Neill.
3:08 of 2nd period - Deflect By Michael Frolik.
3:08 of 2nd period - Shot Misses the Net.
3:08 of 2nd period - Puck is out of play.
3:09 of 2nd period - Bryan Little wins face-off versus Matt Stajan in Avalanche zone.
3:51 of 2nd period - Jared Cowen is hit by Mattias Ekholm and loses puck.
4:04 of 2nd period - Wrist shot by Mikkel Boedker.
4:04 of 2nd period - Stopped by Ondrej Pavelec without a rebound.
4:05 of 2nd period - Matt Stajan wins face-off versus Mikkel Boedker in Golden Knights zone.
4:10 of 2nd period - Marc Staal is hit by Clarke MacArthur and loses puck.
4:22 of 2nd period - Marc Staal is hit by Clarke MacArthur and loses puck.
5:22 of 2nd period - Snap shot by Michael Frolik.
5:22 of 2nd period - Shot Misses the Net.
5:59 of 2nd period - Off-side.
6:00 of 2nd period - Chris Tierney wins face-off versus Patric Hornqvist in neutral zone.
6:02 of 2nd period - Minor Penalty to Mathew Dumba for Holding.
6:03 of 2nd period - Andrei Loktionov wins face-off versus Bryan Little in Golden Knights zone.
8:02 of 2nd period - Penalty to Mathew Dumba is over, Mathew Dumba is back on ice.
8:17 of 2nd period - Slapshot by Jared Cowen.
8:17 of 2nd period - Stopped by Cam Ward with a rebound.
8:49 of 2nd period - Evgeny Dadonov is hit by Zach Bogosian and loses puck.
9:30 of 2nd period - Wayne Simmonds is hit by Bryan Little and loses puck.
9:49 of 2nd period - Michael Frolik is hit by Martin Samuelsson and loses puck.
10:06 of 2nd period - Kyle Turris is hit by Jamie Oleksiak and loses puck.
10:11 of 2nd period - Snap shot by Nathan Horton.
10:11 of 2nd period - Deflect By Tomas Fleischmann.
10:11 of 2nd period - Stopped by Cam Ward with a rebound.
10:36 of 2nd period - Slapshot by Vladimir Mihalik.
10:36 of 2nd period - Deflect By Mats Zuccarello.
10:36 of 2nd period - Shot Misses the Net.
10:36 of 2nd period - Puck is out of play.
10:37 of 2nd period - Charlie Coyle wins face-off versus Chris Tierney in Avalanche zone.
10:46 of 2nd period - Snap shot by Mats Zuccarello.
10:46 of 2nd period - Stopped by Cam Ward without a rebound.
10:47 of 2nd period - Mikkel Boedker wins face-off versus Matt Stajan in Avalanche zone.
10:47 of 2nd period - Mikkel Boedker is hit by Mathew Dumba.
10:52 of 2nd period - Minor Penalty to Clarke MacArthur for Holding.
10:53 of 2nd period - Bryan Little wins face-off versus Andrei Loktionov in Golden Knights zone.
10:57 of 2nd period - Snap shot by Bryan Little.
10:57 of 2nd period - Goal by Bryan Little - Golden Knights : 1 - Avalanche : 1.
10:58 of 2nd period - Bryan Little wins face-off versus Matt Stajan in neutral zone.
11:11 of 2nd period - Wrist shot by Mikkel Boedker.
11:11 of 2nd period - Shot Misses the Net.
11:13 of 2nd period - Snap shot by Patric Hornqvist.
11:13 of 2nd period - Deflect By Mikkel Boedker.
11:13 of 2nd period - Goal by Mikkel Boedker - Golden Knights : 1 - Avalanche : 2.
11:14 of 2nd period - Bryan Little wins face-off versus Andrei Loktionov in neutral zone.
11:19 of 2nd period - Snap shot by Patric Hornqvist.
11:19 of 2nd period - Stopped by Ondrej Pavelec with a rebound.
11:21 of 2nd period - Slapshot by Jack Johnson.
11:21 of 2nd period - Stopped by Ondrej Pavelec with a rebound.
11:23 of 2nd period - Slapshot by Jack Johnson.
11:23 of 2nd period - Shot Blocked by Zach Bogosian.
11:25 of 2nd period - Snap shot by Jack Johnson.
11:25 of 2nd period - Shot Misses the Net.
11:27 of 2nd period - Backhand shot by Marc Staal.
11:27 of 2nd period - Stopped by Ondrej Pavelec without a rebound.
11:28 of 2nd period - Matt Stajan wins face-off versus Bryan Little in Golden Knights zone.
11:39 of 2nd period - Snap shot by Matt Stajan.
11:39 of 2nd period - Shot Misses the Net.
11:41 of 2nd period - Snap shot by Clarke MacArthur.
11:41 of 2nd period - Shot Misses the Net.
11:43 of 2nd period - Snap shot by Matt Stajan.
11:43 of 2nd period - Stopped by Cam Ward without a rebound.
11:44 of 2nd period - Bryan Little wins face-off versus Kellan Lain in Avalanche zone.
11:44 of 2nd period - Bryan Little is hit by Kellan Lain.
11:52 of 2nd period - Slapshot by Marc Staal.
11:52 of 2nd period - Stopped by Ondrej Pavelec with a rebound.
12:17 of 2nd period - Slapshot by Marc Staal.
12:17 of 2nd period - Stopped by Ondrej Pavelec with a rebound.
12:31 of 2nd period - Snap shot by Luke Witkowski.
12:31 of 2nd period - Deflect By Tomas Fleischmann.
12:31 of 2nd period - Shot Misses the Net.
12:31 of 2nd period - Puck is out of play.
12:32 of 2nd period - Kyle Turris wins face-off versus Chris Tierney in Golden Knights zone.
12:35 of 2nd period - Snap shot by Luke Witkowski.
12:35 of 2nd period - Shot Blocked by Zach Bogosian.
12:37 of 2nd period - Snap shot by Erik Karlsson.
12:37 of 2nd period - Stopped by Ondrej Pavelec without a rebound.
12:38 of 2nd period - Andrei Loktionov wins face-off versus Mikkel Boedker in Golden Knights zone.
12:38 of 2nd period - Andrei Loktionov is hit by Marc Staal.
12:46 of 2nd period - Snap shot by Kellan Lain.
12:46 of 2nd period - Deflect By Mikkel Boedker.
12:46 of 2nd period - Stopped by Cam Ward with a rebound.
12:48 of 2nd period - Slapshot by Zach Bogosian.
12:48 of 2nd period - Shot Blocked by Jack Johnson.
13:12 of 2nd period - Luke Witkowski is hit by Andrei Loktionov and loses puck.
13:29 of 2nd period - Snap shot by Michael Frolik.
13:29 of 2nd period - Stopped by Cam Ward with a rebound.
13:31 of 2nd period - Slapshot by Andrei Loktionov.
13:31 of 2nd period - Stopped by Cam Ward without a rebound.
13:32 of 2nd period - Bryan Little wins face-off versus Matt Stajan in Avalanche zone.
13:42 of 2nd period - Wrist shot by Wayne Simmonds.
13:42 of 2nd period - Shot Misses the Net.
13:44 of 2nd period - Slapshot by Clarke MacArthur.
13:44 of 2nd period - Stopped by Cam Ward without a rebound.
13:45 of 2nd period - Bryan Little wins face-off versus Matt Stajan in Avalanche zone.
13:52 of 2nd period - Slapshot by Wayne Simmonds.
13:52 of 2nd period - Deflect By Matt Stajan.
13:52 of 2nd period - Shot Misses the Net.
13:52 of 2nd period - Puck is out of play.
13:53 of 2nd period - Bryan Little wins face-off versus Matt Stajan in Avalanche zone.
14:28 of 2nd period - Wrist shot by Chris Tierney.
14:28 of 2nd period - Shot Blocked by Marc Staal.
14:30 of 2nd period - Snap shot by Chris Tierney.
14:30 of 2nd period - Stopped by Cam Ward with a rebound.
14:32 of 2nd period - Snap shot by Thomas Vanek.
14:32 of 2nd period - Stopped by Cam Ward without a rebound.
14:33 of 2nd period - Charlie Coyle wins face-off versus Andrei Loktionov in Avalanche zone.
14:44 of 2nd period - Wrist shot by Charlie Coyle.
14:44 of 2nd period - Stopped by Ondrej Pavelec with a rebound.
16:05 of 2nd period - Wrist shot by Andrei Loktionov.
16:05 of 2nd period - Shot Blocked by Kyle Turris.
17:05 of 2nd period - Snap shot by Chris Tierney.
17:05 of 2nd period - Shot Blocked by Pavel Buchnevich.
17:07 of 2nd period - Snap shot by Wes O'Neill.
17:07 of 2nd period - Stopped by Cam Ward with a rebound.
17:09 of 2nd period - Slapshot by Wes O'Neill.
17:09 of 2nd period - Deflect By Mats Zuccarello.
17:09 of 2nd period - Goal by Mats Zuccarello - Golden Knights : 2 - Avalanche : 2.
17:10 of 2nd period - Andrei Loktionov wins face-off versus Charlie Coyle in neutral zone.
17:37 of 2nd period - Marc Staal is hit by Matt Stajan and loses puck.
18:19 of 2nd period - Mathew Dumba is hit by Joel Edmundson and loses puck.
18:30 of 2nd period - Mathew Dumba is hit by Jarred Tinordi and loses puck.
18:41 of 2nd period - Snap shot by Michael Frolik.
18:41 of 2nd period - Stopped by Cam Ward with a rebound.
18:43 of 2nd period - Slapshot by Kellan Lain.
18:43 of 2nd period - Stopped by Cam Ward without a rebound.
18:44 of 2nd period - Bryan Little wins face-off versus Kellan Lain in Avalanche zone.
18:49 of 2nd period - Kellan Lain is hit by Erik Karlsson and loses puck.
18:56 of 2nd period - Snap shot by Patric Hornqvist.
18:56 of 2nd period - Deflect By Zach Bogosian.
18:56 of 2nd period - Shot Hit the Post.
18:56 of 2nd period - Puck is out of play.
18:57 of 2nd period - Andrei Loktionov wins face-off versus Bryan Little in Golden Knights zone.
18:57 of 2nd period - Andrei Loktionov is hit by Mikkel Boedker.
19:11 of 2nd period - Wrist shot by Andrei Loktionov.
19:11 of 2nd period - Stopped by Cam Ward with a rebound.
19:13 of 2nd period - Snap shot by Jared Cowen.
19:13 of 2nd period - Shot Misses the Net.
19:49 of 2nd period - Minor Penalty to Mattias Ekholm for Tripping.
19:50 of 2nd period - Mikkel Boedker wins face-off versus Andrei Loktionov in Avalanche zone.
Goals for this period are 1 for Golden Knights vs 2 for Avalanche.
Shots for this period are 16 for Golden Knights vs 11 for Avalanche.
3rd period
0:01 of 3rd period - Andrei Loktionov wins face-off versus Mikkel Boedker in neutral zone.
0:10 of 3rd period - Wrist shot by Jared Cowen.
0:10 of 3rd period - Shot Blocked by Jack Johnson.
1:15 of 3rd period - Erik Karlsson is hit by Zach Bogosian.
1:49 of 3rd period - Penalty to Mattias Ekholm is over, Mattias Ekholm is back on ice.
1:54 of 3rd period - Icing by Mattias Ekholm.
1:55 of 3rd period - Chris Tierney wins face-off versus Kyle Turris in Avalanche zone.
1:56 of 3rd period - Wrist shot by Mats Zuccarello.
1:56 of 3rd period - Deflect By Thomas Vanek.
1:56 of 3rd period - Stopped by Cam Ward without a rebound.
1:57 of 3rd period - Kyle Turris wins face-off versus Mats Zuccarello in Avalanche zone.
2:49 of 3rd period - Marc Staal is hit by Kellan Lain and loses puck.
3:26 of 3rd period - Mattias Ekholm is hit by Mathew Dumba and loses puck.
3:45 of 3rd period - Luke Witkowski is hit by Mathew Dumba and loses puck.
3:54 of 3rd period - Slapshot by Mattias Ekholm.
3:54 of 3rd period - Stopped by Ondrej Pavelec without a rebound.
3:55 of 3rd period - Charlie Coyle wins face-off versus Andrei Loktionov in Golden Knights zone.
3:58 of 3rd period - Snap shot by James Van Riemsdyk.
3:58 of 3rd period - Shot Blocked by Andrei Loktionov.
4:00 of 3rd period - Snap shot by James Van Riemsdyk.
4:00 of 3rd period - Shot Misses the Net.
4:37 of 3rd period - Icing by Mikkel Boedker.
4:38 of 3rd period - Mikkel Boedker wins face-off versus Andrei Loktionov in Avalanche zone.
4:42 of 3rd period - Off-side.
4:43 of 3rd period - Patric Hornqvist wins face-off versus Andrei Loktionov in neutral zone.
4:46 of 3rd period - Wrist shot by Jack Johnson.
4:46 of 3rd period - Stopped by Ondrej Pavelec with a rebound.
4:48 of 3rd period - Wrist shot by Mikkel Boedker.
4:48 of 3rd period - Shot Misses the Net.
5:10 of 3rd period - Jared Cowen is hit by Marc Staal and loses puck.
5:32 of 3rd period - Slapshot by Thomas Vanek.
5:32 of 3rd period - Deflect By Chris Tierney.
5:32 of 3rd period - Stopped by Cam Ward without a rebound.
5:33 of 3rd period - Kyle Turris wins face-off versus Chris Tierney in Avalanche zone.
6:18 of 3rd period - Off-side.
6:19 of 3rd period - Bryan Little wins face-off versus Andrei Loktionov in neutral zone.
6:32 of 3rd period - Slapshot by Michael Frolik.
6:32 of 3rd period - Shot Blocked by Erik Karlsson.
7:06 of 3rd period - Slapshot by James Van Riemsdyk.
7:06 of 3rd period - Stopped by Ondrej Pavelec with a rebound.
7:08 of 3rd period - Wrist shot by Pavel Buchnevich.
7:08 of 3rd period - Deflect By Martin Samuelsson.
7:08 of 3rd period - Shot Misses the Net.
7:08 of 3rd period - Puck is out of play.
7:09 of 3rd period - Martin Hanzal wins face-off versus Mikkel Boedker in Golden Knights zone.
8:07 of 3rd period - Snap shot by Luke Witkowski.
8:07 of 3rd period - Deflect By Wayne Simmonds.
8:07 of 3rd period - Stopped by Ondrej Pavelec with a rebound.
8:21 of 3rd period - Bryan Little is hit by Thomas Vanek and loses puck.
9:05 of 3rd period - Snap shot by Luke Witkowski.
9:05 of 3rd period - Stopped by Ondrej Pavelec with a rebound.
9:07 of 3rd period - Slapshot by Mattias Ekholm.
9:07 of 3rd period - Stopped by Ondrej Pavelec with a rebound.
9:09 of 3rd period - Slapshot by Erik Karlsson.
9:09 of 3rd period - Shot Blocked by Shawn Matthias.
9:39 of 3rd period - Snap shot by Thomas Vanek.
9:39 of 3rd period - Shot Blocked by Jarred Tinordi.
10:08 of 3rd period - Minor Penalty to Joel Edmundson for Tripping.
10:09 of 3rd period - Mikkel Boedker wins face-off versus Kellan Lain in Avalanche zone.
10:17 of 3rd period - Snap shot by Jared Cowen.
10:17 of 3rd period - Stopped by Cam Ward with a rebound.
10:19 of 3rd period - Wrist shot by Andrei Loktionov.
10:19 of 3rd period - Stopped by Cam Ward with a rebound.
10:21 of 3rd period - Wrist shot by Michael Frolik.
10:21 of 3rd period - Shot Misses the Net.
10:23 of 3rd period - Slapshot by Andrei Loktionov.
10:23 of 3rd period - Stopped by Cam Ward with a rebound.
10:25 of 3rd period - Slapshot by Michael Frolik.
10:25 of 3rd period - Stopped by Cam Ward without a rebound.
10:26 of 3rd period - Mikkel Boedker wins face-off versus Andrei Loktionov in Avalanche zone.
12:08 of 3rd period - Penalty to Joel Edmundson is over, Joel Edmundson is back on ice.
12:21 of 3rd period - Slapshot by Bryan Little.
12:21 of 3rd period - Deflect By Charlie Coyle.
12:21 of 3rd period - Goal by Charlie Coyle - Golden Knights : 2 - Avalanche : 3.
12:22 of 3rd period - Bryan Little wins face-off versus Matt Stajan in neutral zone.
12:47 of 3rd period - Evgeny Dadonov is hit by Zach Bogosian and loses puck.
13:17 of 3rd period - Snap shot by Kyle Turris.
13:17 of 3rd period - Stopped by Ondrej Pavelec with a rebound.
15:38 of 3rd period - Wrist shot by Martin Hanzal.
15:38 of 3rd period - Shot Misses the Net.
15:40 of 3rd period - Snap shot by Nathan Horton.
15:40 of 3rd period - Golden Knights goal is going for a video replay.
15:40 of 3rd period - The goal is good.
15:40 of 3rd period - Goal by Nathan Horton - Golden Knights : 3 - Avalanche : 3.
15:41 of 3rd period - Mikkel Boedker wins face-off versus Chris Tierney in neutral zone.
16:35 of 3rd period - Snap shot by Luke Witkowski.
16:35 of 3rd period - Shot Misses the Net.
17:29 of 3rd period - Slapshot by Jamie Oleksiak.
17:29 of 3rd period - Stopped by Cam Ward without a rebound.
17:30 of 3rd period - Matt Stajan wins face-off versus James Van Riemsdyk in Avalanche zone.
17:37 of 3rd period - Snap shot by Clarke MacArthur.
17:37 of 3rd period - Shot Misses the Net.
17:45 of 3rd period - Wrist shot by Matt Stajan.
17:45 of 3rd period - Shot Blocked by Erik Karlsson.
17:47 of 3rd period - Slapshot by Jamie Oleksiak.
17:47 of 3rd period - Deflect By Clarke MacArthur.
17:47 of 3rd period - Stopped by Cam Ward without a rebound.
17:48 of 3rd period - Bryan Little wins face-off versus Chris Tierney in Avalanche zone.
17:59 of 3rd period - Slapshot by Zach Bogosian.
17:59 of 3rd period - Shot Misses the Net.
19:15 of 3rd period - Snap shot by Mats Zuccarello.
19:15 of 3rd period - Stopped by Cam Ward without a rebound.
19:16 of 3rd period - Mikkel Boedker wins face-off versus Chris Tierney in Avalanche zone.
19:51 of 3rd period - Minor Penalty to Matt Stajan for Hooking.
19:52 of 3rd period - Charlie Coyle wins face-off versus Andrei Loktionov in Golden Knights zone.
Goals for this period are 1 for Golden Knights vs 1 for Avalanche.
Shots for this period are 10 for Golden Knights vs 8 for Avalanche.
Overtime #1
0:01 of 1st overtime period - Mikkel Boedker wins face-off versus Andrei Loktionov in neutral zone.
1:51 of 1st overtime period - Penalty to Matt Stajan is over, Matt Stajan is back on ice.
2:11 of 1st overtime period - Slapshot by Bryan Little.
2:11 of 1st overtime period - Stopped by Ondrej Pavelec with a rebound.
2:14 of 1st overtime period - Icing by Wes O'Neill.
2:15 of 1st overtime period - Kellan Lain wins face-off versus Mikkel Boedker in Golden Knights zone.
2:39 of 1st overtime period - Andrei Loktionov is hit by Bryan Little and loses puck.
2:44 of 1st overtime period - Snap shot by Charlie Coyle.
2:44 of 1st overtime period - Shot Misses the Net.
2:46 of 1st overtime period - Slapshot by Charlie Coyle.
2:46 of 1st overtime period - Goal by Charlie Coyle - Golden Knights : 3 - Avalanche : 4.
Goals for this period are 0 for Golden Knights vs 1 for Avalanche.
Shots for this period are 0 for Golden Knights vs 2 for Avalanche.
Output by the SimonT Hockey Simulator (STHS) for Francois Prevost